 Dungeon Crawl Stone Soup version 0.31-a0-963-ga325b2283a (webtiles) character file.

Game seed: 12050267379137446750

60 Azuregosa the Slasher (level 3, 0/30 HPs)
             Began as a Minotaur Reaver on Oct 24, 2023.
             Slain by zurenarrh's ghost (3 damage)
             ... on level 3 of the Dungeon.
             The game lasted 00:05:00 (1445 turns).

Azuregosa the Slasher (Minotaur Reaver)             Turns: 1445, Time: 00:05:01

Health: 0/30       AC:  4    Str: 16    XL:     3   Next: 82%
Magic:  4/4        EV: 12    Int: 10    God:
Gold:   64         SH:  0    Dex: 17    Spells: 3/4 levels left

rFire   x . .        a - +0 falchion
rCold   . . .        (no shield)
rNeg    . . .        l - +2 robe "Xuretog" {rElec rF- Dex+7 SInv}
rPois   .            (helmet restricted)
rElec   +            (no cloak)
rCorr   .            (no gloves)
SInv    +            (no boots)
Will    .....        (no amulet)
Stlth   ++           (no ring)
HPRegen 0.25/turn    (no ring)
MPRegen 0.09/turn

%: no passive effects
@: no status effects
A: horns 2, retaliatory headbutt
a: no special abilities


You were on level 3 of the Dungeon.
You visited 1 branch of the dungeon, and saw 3 of its levels.

You collected 64 gold pieces.

Inventory:

Hand Weapons
 a - a +0 falchion (weapon)
Missiles
 d - 12 stones
Armour
 b - a +0 leather armour
 l - the +2 robe "Xuretog" (worn) {rElec rF- Dex+7 SInv}
   (You found it on level 3 of the Dungeon)

   Dex+7:     It affects your dexterity (+7).
   rF-:       It makes you vulnerable to fire.
   rElec:     It insulates you from electricity.
   SInv:      It lets you see invisible.
Magical Staves
 k - a staff of air
Scrolls
 e - a scroll of enchant armour {unknown}
 f - a scroll of fog {unknown}
 h - 2 scrolls of blinking {unknown}
 j - a scroll of teleportation {unknown}
Potions
 c - 2 potions of curing {unknown}
 g - a potion of degeneration {unknown}
 i - a potion of ambrosia {unknown}


   Skills:
 - Level 2.4 Fighting
 + Level 5.8 Long Blades
 - Level 2.1 Dodging
 - Level 1.3 Spellcasting
 - Level 2.1 Conjurations


You had 3 spell levels left.
You knew the following spells:

 Your Spells              Type           Power      Damage    Failure   Level
a - Kiss of Death         Conj/Necr      8%         2d6       22%         1

Your spell library contained the following spells:

 Spells                   Type           Power      Damage    Failure   Level
 Sandblast                Erth           0%         2d4       32%         1
 Momentum Strike          Conj/Tloc      4%         3d8       32%         2
 Passwall                 Tmut/Erth      0%         N/A       45%         2
 Hailstorm                Conj/Ice       2%         3d3       54%         3
 Stone Arrow              Conj/Erth      4%         3d7       54%         3
 Inner Flame              Hex/Fire       0%         N/A       69%         3
 Brom's Barrelling Bould  Conj/Erth      2%         2d3       91%         4
 Yara's Violent Unravell  Hex/Tmut       0%         3d3       100%        5
 Enfeeble                 Hex            0%         N/A       100%        7


Dungeon Overview and Level Annotations

Branches:
Dungeon (3/15)

Altars:

Annotations:
D:3 zurenarrh's ghost, amateur TrSh


Innate Abilities, Weirdness & Mutations

You have a pair of horns on your head.
You reflexively headbutt those who attack you in melee.


Message History

l - the +2 robe "Xuretog" {rElec rF- Dex+7 SInv} You start removing your armour.
You continue taking off your +0 leather armour. x4
You finish taking off your +0 leather armour.
You start putting on your armour.
You continue putting on the +2 robe "Xuretog" {rElec rF- Dex+7 SInv}. x5
You finish putting on the +2 robe "Xuretog" {rElec rF- Dex+7 SInv}.
You feel agile.
You open the door.
There is an open door here.
There is a stone staircase leading down here.
You open the door.
There is an open door here.
Found a chain mail.
As you open the gate, it creaks loudly!
You hit the bullfrog skeleton. You headbutt the bullfrog skeleton!
The bullfrog skeleton is moderately damaged.
The bullfrog skeleton hits you but does no damage.
The bullfrog skeleton hits you.
The bullfrog skeleton attacks as it pursues you!
The bullfrog skeleton hits you. x2
You barely miss the bullfrog skeleton. You headbutt the bullfrog skeleton.
The bullfrog skeleton is heavily damaged.
The bullfrog skeleton hits you but does no damage.
Zurenarrh's ghost says very slowly, "There's no hope."
You slash the bullfrog skeleton!
You headbutt the bullfrog skeleton, but do no damage.
The bullfrog skeleton is severely damaged.
The bullfrog skeleton hits you.
The bullfrog skeleton barely misses you.
You barely miss the bullfrog skeleton.
The bullfrog skeleton is severely damaged.
You barely miss zurenarrh's ghost. Your headbutt misses zurenarrh's ghost.
You barely miss zurenarrh's ghost. Zurenarrh's ghost hits you!
* * * LOW HITPOINT WARNING * * *
You hit zurenarrh's ghost but do no damage.
You headbutt zurenarrh's ghost.
Zurenarrh's ghost is lightly damaged.
Zurenarrh's ghost hits you.
You die...

..#.#..####..>....#
##.$[..##..#.......#
#.......##.#.......#
##.....###.........#
#.......###.....####
###''W### #.........
#.....# ##.###.....
#.....###..# .....
###..ZZW@.## .....
######### .... ...


You could see zurenarrh's ghost and 2 bullfrog skeletons.

Vanquished Creatures
  A worm (D:2)
  6 bats
  8 endoplasms
  4 giant cockroaches
  3 goblins
  9 hobgoblins
  4 jackals (D:1)
  3 quokkas
  3 ball pythons
  A frilled lizard (D:2)
  A kobold (D:1)
  3 rats
46 creatures vanquished.

Notes
Turn   | Place    | Note
-------+----------+-------------------------------------------
     0 | D:1      | Azuregosa the Minotaur Reaver began the quest for the Orb.
     0 | D:1      | Reached XP level 1. HP: 18/18 MP: 1/1
    92 | D:1      | Reached skill level 4 in Long Blades
   150 | D:1      | Reached XP level 2. HP: 25/25 MP: 3/3
   388 | D:1      | Reached skill level 5 in Long Blades
   472 | D:1      | Reached XP level 3. HP: 14/30 MP: 4/4
  1189 | D:3      | Found a faded altar of an unknown god.
  1349 | D:3      | Identified the +2 robe "Xuretog" {rElec rF- Dex+7 SInv}
  1430 | D:3      | Found a runed translucent gate.
  1430 | D:3      | Found a runed translucent gate.
  1431 | D:3      | Found a runed translucent gate.
  1432 | D:3      | Noticed zurenarrh's ghost (amateur TrSh)
  1445 | D:3      | Slain by zurenarrh's ghost

Illustrated notes

Levels and vault maps discovered:
D:1:      lemuel_arrival_funnel, layout_basic, serial_park_tiny_1
D:2:      layout_rooms, grunt_ministairs_9
D:3:      layout_basic, nicolae_ecumenical_oubliette, gammafunk_ghost_necromancy

Skill      XL: |  1  2 |
---------------+-------+-----
Long Blades    | 4 5 |  5.8
Fighting       | |  2.4
Dodging        | |  2.1
Spellcasting   | |  1.3
Conjurations   | |  2.1

Action                     || total
---------------------------++-------
  Melee: Falchion          ||   113
         Headbutt          ||    17
 Armour: Leather armour    ||    74
         Robe              ||     8
  Dodge: Dodged            ||    64

Table legend: (Time is in decaauts)
 A = Elapsed time spent in this place.
 B = Non-inter-level travel time spent in this place.
 C = Inter-level travel time spent in this place.
 D = Time resting spent in this place.
 E = Time spent auto-exploring this place.
 F = Levels seen in this place.
 G = Mean time per level.
                   A        B        C        D        E       F      G
               +--------+--------+--------+--------+--------+-----+--------+
         Total |   1453 |   1431 |     22 |    104 |    892 |   3 |  484.3 |
       Dungeon |   1453 |   1431 |     22 |    104 |    892 |   3 |  484.3 |
               +--------+--------+--------+--------+--------+-----+--------+

Top non-repeatable levels by time:
     D:1: 798 daAuts
     D:2: 447 daAuts
     D:3: 207 daAuts
